 Dungeon Crawl Stone Soup version 0.27-a0-1191-g601b473118 (webtiles) character file.

Game seed: 18384393773949252604

3411 RepHenryClay the Nimble (level 10, -3/65 HPs)
             Began as a Djinni Fire Elementalist on May 24, 2021.
             Was an Initiate of Makhleb.
             Killed from afar by a rakshasa (15 damage)
             ... with a lance of force
             ... on level 7 of the Dungeon.
             The game lasted 00:16:56 (10813 turns).

RepHenryClay the Nimble (Djinni Fire Elementalist) Turns: 10813, Time: 00:16:56

Health: -3/65      AC:  8    Str:  7    XL:     10   Next: 25%
Gold:   488        EV: 15    Int: 20    God:    Makhleb [......] SH:  0 Dex: 14

rFire    + + .     SeeInvis .   (no weapon)
rCold    . . .     Faith    .   (no shield)
rNeg     . . .     Spirit   .   z - +2 steam dragon scales
rPois    ∞         Reflect  .   i - +0 helmet
rElec    .         Harm     .   (no cloak)
rCorr    .         Rampage  .   (no gloves)
Will     +....                  (boots unavailable)
Stlth    +++.......             (no amulet)
HPRegen  0.20/turn              F - ring of protection from cold
MPRegen  0.00/turn              (no ring)

@: flying, very slightly contaminated
A: sickness immunity, fire resistance 2, cold vulnerability 1, float, innate
caster, hp casting, extra vitality 1
a: Renounce Religion


You were on level 7 of the Dungeon.
You worshipped Makhleb.
Makhleb was noncommittal.
You visited 2 branches of the dungeon, and saw 9 of its levels.

You collected 488 gold pieces.

Inventory:

Hand Weapons
 a - a +2 dagger of speed
 B - a +2 whip of freezing
 H - a +0 hand axe of flaming
Missiles
 o - 7 poisoned darts
Armour
 i - a +0 helmet (worn)
 x - the +0 robe of Pride {rN+ Will+}
   (You took it off an orc on level 6 of the Dungeon)

   It protects you from negative energy.
   It increases your willpower.
 z - +2 steam dragon scales (worn)
 C - a +2 robe of cold resistance
Magical Staves
 D - a staff of poison
Jewellery
 F - a ring of protection from cold (left hand)
Wands
 s - a wand of charming (10)
 y - a wand of flame (12)
 G - a wand of acid (5)
Scrolls
 f - 10 scrolls of identify {unknown}
 h - 2 scrolls of enchant weapon {unknown}
 l - a scroll of vulnerability {unknown}
 m - a scroll of fog {unknown}
 n - a scroll of enchant armour {unknown}
 p - 4 scrolls of teleportation {unknown}
 q - a scroll of holy word {unknown}
 t - a scroll of noise {unknown}
 w - a scroll of silence {unknown}
 A - a scroll of immolation {unknown}
 E - a scroll of amnesia {unknown}
Potions
 b - 2 potions of heal wounds {unknown}
 c - 4 potions of curing
 d - 3 potions of lignification {unknown}
 e - a potion of degeneration {unknown}
 g - a potion of invisibility {unknown}
 j - 3 potions of flight {unknown}
 k - 2 potions of brilliance {unknown}
 r - a potion of mutation {unknown}
 u - a potion of berserk rage {unknown}
 v - a potion of cancellation {unknown}


   Skills:
 + Level 2.7 Fighting
 + Level 8.1 Dodging
 - Level 5.9 Stealth
 * Level 7.9 Spellcasting


You couldn't memorise any spells.
You knew the following spells:

 Your Spells              Type           Power      Damage    Failure   Level
a - Foxfire               Conj/Fire      100%       2x1d9     1%          1
b - Conjure Flame         Conj/Fire      39%        6-21      1%          3
c - Inner Flame           Hex/Fire       39%        N/A       1%          3
d - Sticky Flame          Conj/Fire      39%        2d6       3%          4
e - Fireball              Conj/Fire      19%        3d9       10%         5
f - Summon Small Mammal   Summ           100%       N/A       1%          1
g - Call Imp              Summ           39%        N/A       1%          2
h - Wereblood             Tmut           39%        N/A       1%          2
i - Summon Lightning Spi  Summ/Air       39%        N/A       3%          4
Your spell library was empty.

Dungeon Overview and Level Annotations

Branches:
Dungeon (8/15)             Temple (1/1) D:7            Lair (0/6) D:8

Altars:
Cheibriados
Dithmenos
Elyvilon
Fedhas
Hepliaklqana
Makhleb
Nemelex Xobeh
Okawaru
Qazlal
Trog
Uskayaw
Vehumet
Xom
Zin
The Shining One

Annotations:
D:3 2 transporters, 2 exclusions, Sigmund
D:8 1 runed translucent door


Innate Abilities, Weirdness & Mutations

You are immune to sickness and miasma.
You are immune to poison.
Your flesh is very heat resistant. (rF++)
You are vulnerable to cold. (rC-)
You float through the air rather than walking.
You learn spells naturally, not from books.
Your magical power is your life essence.
You have superior vitality. (+4 HP)


Message History

There is a stone staircase leading up here.
You start waiting.
A rakshasa is nearby!
Casting: Fireball (dangerous; 10% risk of failure)
Confirm with . or Enter, or press ? or * to list all spells.
You can't see any susceptible monsters within range! (Use Z to cast anyway.)
Casting: Fireball (dangerous; 10% risk of failure)
Confirm with . or Enter, or press ? or * to list all spells.
Aiming: Fireball (dangerous; 10% risk of failure)
Press: ? - help, Shift-Dir - straight line, f - rakshasa
Aim: a rakshasa, wielding a +0 flail, wearing a +0 robe and wearing an amulet of magic regeneration You miscast Fireball.
You are very lightly contaminated with residual magic.
Nothing appears to happen.
Damage: -7%(-5hp) hp: 93%(60hp)
Casting: Fireball (dangerous; 10% risk of failure)
Confirm with . or Enter, or press ? or * to list all spells.
Aiming: Sticky Flame (dangerous; 3% risk of failure)
Press: ? - help, Shift-Dir - straight line, f/p - rakshasa
Aim: a rakshasa, wielding a +0 flail, wearing a +0 robe and wearing an amulet of magic regeneration (100% to hit)
The sticky flame hits the rakshasa.
The rakshasa is lightly wounded.
The rakshasa is covered in liquid flames!
The rakshasa burns!
The rakshasa hits you with a +0 flail!
Huge Dmg: -25%(-16hp) hp: 68%(44hp)
Okay, then.
The rakshasa burns!
The rakshasa gestures at you. The lance of force hits you!!
* * * LOW HITPOINT WARNING * * *
You are knocked back by the lance of force.
You slam into the rock wall!
* * * LOW HITPOINT WARNING * * *
You fly upwards.
There is a stone staircase leading down here.
Huge Dmg: -61%(-40hp) hp: 7%(4hp) It was a potion of curing.
You feel better.
The rakshasa burns!
The rakshasa gestures at you. The lance of force hits you!
You die...

#############
#...........####
#####.#########..≈≈≈
#.....# ##.≈## #.#####
#..+_
#.###############≈##
#.............# #≈≈≈
#.R##########.# ####
#.@# #.# #..# #.#
###..##########.######
#...........<.[[......
##.#..###.###.##.######
#.....#..## ##)#.# #
#..##..#.## ##..######
#..#...##.# #<.......
#########........##
##.[.#####


You could see a rakshasa (burning).

Vanquished Creatures
  Pikel (D:7)
  Maggie (D:6)
  Grinder (D:4)
  Prince Ribbit (D:5)
  An ice beast (D:6)
  An orc warrior (D:6)
  3 black bears
  3 necrophages
  2 centaurs
  Blork the orc (D:4)
  5 scorpions
  2 wyvern skeletons (D:7)
  A jelly (D:6)
  A centaur skeleton (D:5)
  3 hounds
  5 orc priests
  3 iguanas
  Natasha (thrice) (D:4)
  6 orc wizards
  A killer bee zombie (D:7)
  13 gnolls
  8 adders
  2 white imps
  An ufetubus (D:5)
  A worm (D:2)
  11 dart slugs
  19 orcs
  A ball python (D:4)
  3 endoplasms
  4 giant cockroaches
  8 goblins
  7 hobgoblins
  3 jackals (D:2)
  7 quokkas
  A bat (D:1)
  8 frilled lizards
  6 kobolds
  4 rats
152 creatures vanquished.

Vanquished Creatures (others)
  599 foxfires
599 creatures vanquished.

Grand Total: 751 creatures vanquished

Notes
Turn   | Place    | Note
-------+----------+-------------------------------------------
     0 | D:1      | RepHenryClay the Djinni Fire Elementalist began the quest
                  | for the Orb.
     0 | D:1      | Reached XP level 1. HP: 15/15 MP: 0/0
   314 | D:1      | Reached XP level 2. HP: 17/21 MP: 0/0
  1380 | D:2      | Reached XP level 3. HP: 21/25 MP: 0/0
  1380 | D:2      | Learned a level 1 spell: Summon Small Mammal
  2020 | D:2      | Reached XP level 4. HP: 28/31 MP: 0/0
  3262 | D:3      | Found a transporter.
  3368 | D:3      | Found a shadowy altar of Dithmenos.
  3373 | D:3      | Reached XP level 5. HP: 29/35 MP: 0/0
  3373 | D:3      | Learned a level 2 spell: Call Imp
  3653 | D:3      | Found a hide-covered altar of Uskayaw.
  3656 | D:3      | Noticed a +0 hand axe
  3656 | D:3      | Noticed a +0 hand axe
  3702 | D:3      | Noticed Sigmund
  3895 | D:3      | Noticed a necrophage
  3900 | D:3      | Killed a necrophage
  3901 | D:3      | Reached skill level 5 in Spellcasting
  3901 | D:3      | Reached XP level 6. HP: 35/40 MP: 0/0
  3966 | D:3      | Found an iron altar of Okawaru.
  3977 | D:3      | Found a transporter.
  4741 | D:4      | Noticed a necrophage
  4747 | D:4      | Killed a necrophage
  4748 | D:4      | Reached XP level 7. HP: 40/45 MP: 0/0
  4748 | D:4      | Learned a level 2 spell: Wereblood
  4782 | D:4      | Noticed Natasha
  4797 | D:4      | Killed Natasha
  4926 | D:4      | Noticed Natasha
  4936 | D:4      | Killed Natasha
  5242 | D:4      | Noticed Blork the orc
  5248 | D:4      | Killed Blork the orc
  5332 | D:4      | Noticed Grinder
  5341 | D:4      | Killed Grinder
  5342 | D:4      | Reached XP level 8. HP: 34/50 MP: 0/0
  5658 | D:4      | Noticed Natasha
  5660 | D:4      | Killed Natasha
  5699 | D:5      | Entered Level 5 of the Dungeon
  5899 | D:5      | Reached skill level 3 in Dodging
  6314 | D:5      | Noticed Prince Ribbit
  6319 | D:5      | Killed Prince Ribbit
  6320 | D:5      | Reached skill level 4 in Dodging
  6770 | D:5      | Reached XP level 9. HP: 47/55 MP: 0/0
  6770 | D:5      | Learned a level 4 spell: Summon Lightning Spire
  6855 | D:5      | Reached skill level 5 in Dodging
  6885 | D:5      | Found a blossoming altar of Fedhas.
  7189 | D:6      | Identified the +0 robe of Pride {rN+ Will+}
  7626 | D:6      | Reached skill level 6 in Dodging
  7741 | D:6      | Reached skill level 5 in Stealth
  8074 | D:6      | Noticed Maggie
  8087 | D:6      | Killed Maggie
  8088 | D:6      | Reached skill level 7 in Dodging
  8444 | D:6      | Found a hazy altar of Hepliaklqana.
  9006 | D:7      | Found a glowing golden altar of the Shining One.
  9087 | D:7      | Found a staircase to the Ecumenical Temple.
  9098 | Temple   | Entered the Ecumenical Temple
  9291 | Temple   | Became a worshipper of Makhleb the Destroyer
  9448 | D:7      | Noticed Pikel
  9458 | D:7      | Killed Pikel
  9459 | D:7      | Reached XP level 10. HP: 33/64 MP: 0/0
 10413 | D:8      | Reached skill level 8 in Dodging
 10525 | D:8      | Found a staircase to the Lair.
 10661 | D:8      | Found a runed translucent door.
 10732 | D:8      | Noticed a rakshasa
 10813 | D:7      | Killed from afar by a rakshasa

Illustrated notes

Levels and vault maps discovered:
D:1:      dpeg_arrival_three_same_balls, layout_loops_ring, nrook_campfire,
          chequers_decorated_corner, minmay_crystal_water, chequers_garden,
          supply_closet_lemuel, hangedman_decor_slide_cut
D:2:      layout_loops_ring
D:3:      gammafunk_wand_slinger, layout_basic, nicolae_dithmenos_shadow_blocks,
          dancing_weapons_uskayaw, overflow_temple_1_default,
          minmay_misc_feat_tower, uniq_sigmund
D:4:      layout_basic, grunt_ministairs_6, uniq_blork_the_orc, uniq_grinder,
          uniq_natasha
D:5:      kennysheep_slugbush, layout_loops_cross,
          nicolae_overflow_hidden_temple, uniq_prince_ribbit1
D:6:      layout_basic, nicolae_hepliaklqana_hippocampus,
          kennysheep_generic_room_4, uniq_maggie
D:7:      black_bear_nest_2, layout_loops_ring, kennysheep_mini_moat,
          minmay_temple_entry_sparse_star, uniq_pikel
D:8:      minmay_the_grid_four_pointed_star
          [minmay_the_grid_triangle_9x9_checkered,
          minmay_the_grid_triangle_9x9_semitri,
          minmay_the_grid_triangle_9x9_subtriangle,
          minmay_the_grid_triangle_9x9_from_above,
          minmay_the_grid_prize_diamond_cup], layout_basic, minitemple,
          lair_entry_dummy, worms_lemuel
Temple:   dpeg_chambers_temple

Skill      XL: |  1  2  3  4  5  6  7  8  9 10 |
---------------+-------------------------------+-----
Spellcasting   | 3 4 5 6 7 |  7.9
Stealth        | 4 5 |  5.9
Dodging        | 4 7 8 |  8.1
Fighting       | 2 |  2.7

Action                   |  1- 3 |  4- 6 |  7- 9 | 10-12 || total
-------------------------+-------+-------+-------+-------++-------
 Cast: Foxfire           |    55 |   124 |   174 |    10 ||   363
       Summon Small Mamm |       |     1 |       |       ||     1
       Sticky Flame      |       |       |    15 |     4 ||    19
       Fireball          |       |       |    14 |     6 ||    20
       Conjure Flame     |       |       |     3 |       ||     3
       Summon Lightning  |       |       |     2 |       ||     2
  Use: Potion            |       |       |       |     1 ||     1
Armor: Robe              |     1 |     2 |     4 |       ||     7
       Steam dragon scal |       |       |     3 |     3 ||     6
Dodge: Dodged            |     8 |    11 |    34 |     6 ||    59

Table legend: (Time is in decaauts)
 A = Elapsed time spent in this place.
 B = Non-inter-level travel time spent in this place.
 C = Inter-level travel time spent in this place.
 D = Time resting spent in this place.
 E = Time spent auto-exploring this place.
 F = Levels seen in this place.
 G = Mean time per level.
                   A        B        C        D        E       F      G
               +--------+--------+--------+--------+--------+-----+--------+
         Total |  10819 |  10387 |    432 |   2701 |   6483 |   9 | 1202.1 |
       Dungeon |  10585 |  10193 |    392 |   2701 |   6294 |   8 | 1323.1 |
        Temple |    233 |    193 |     40 |      0 |    189 |   1 |  233.0 |
               +--------+--------+--------+--------+--------+-----+--------+

Top non-repeatable levels by time:
     D:2: 1724 daAuts
     D:6: 1619 daAuts
     D:1: 1489 daAuts
     D:5: 1449 daAuts
     D:4: 1367 daAuts
     D:3: 1280 daAuts
     D:7: 1110 daAuts
     D:8: 544 daAuts
  Temple: 233 daAuts
